 Dungeon Crawl Stone Soup version 0.22-a0-779-g6f83d72 (webtiles) character file.

2525 Cydver the Carver (level 9, -1/74 HPs)
             Began as a Minotaur Berserker on July 18, 2018.
             Was an Elder of Trog.
             Slain by a hornet (9 damage)
             ... while paralysed by a hornet
             ... on level 8 of the Dungeon.
             The game lasted 01:26:32 (7134 turns).

Cydver the Carver (Minotaur Berserker)              Turns: 7134, Time: 01:26:33

Health: -1/74      AC:  9    Str: 25    XL:     9   Next: 29%
Magic:  7/7        EV:  2    Int:  4    God:    Trog [****..]
Gold:   386        SH:  0    Dex: 10    Spells: 8/8 levels left

rFire    . . .     SeeInvis .   a - +1 falchion
rCold    . . .     Gourm    .   (no shield)
rNeg     . . .     Faith    .   D - +0 chain mail
rPois    .         Spirit   .   p - +2 hat
rElec    .         Reflect  .   (no cloak)
rCorr    .         Harm     .   (no gloves)
MR       ++...                  s - +1 pair of boots
Stlth    ..........             h - amulet of magic regeneration
HPRegen  1.22/turn              (no ring)
MPRegen  0.35/turn              (no ring)

@: paralysed, lethally poisoned (-1 -> -3), regenerating, slowed
A: retaliatory headbutt, beak, horns 2, deformed body, low mp 1, subdued magic 1
a: Berserk, Trog's Hand, Brothers in Arms, Renounce Religion


You were on level 8 of the Dungeon.
You worshipped Trog.
Trog was greatly pleased with you.
You were not hungry.

You visited 1 branch of the dungeon, and saw 9 of its levels.

You collected 386 gold pieces.

Inventory:

Hand Weapons
 a - a +1 falchion (weapon)
 e - a +0 short sword
 g - a +0 dagger
 k - a +0 club
 l - a +0 hunting sling
 A - a +0 war axe
 H - a +0 rapier of freezing
 L - a +1 whip of electrocution
Missiles
 d - 257 stones (quivered)
Armour
 b - a +0 animal skin
 f - a +0 leather armour
 i - a +1 ring mail
 j - a +0 pair of boots
 p - a +2 hat (worn)
 s - a +1 pair of boots (worn)
 B - a +0 robe
 C - a +0 hat
 D - a +0 chain mail (worn)
Jewellery
 h - an amulet of magic regeneration (around neck)
 N - an uncursed ring of protection from fire {unknown}
Wands
 t - a wand of flame (51)
 y - a wand of random effects (21)
 E - a wand of disintegration (17)
Scrolls
 o - a scroll of immolation
 w - 2 scrolls of remove curse
 z - a scroll of torment
 F - a scroll of summoning
 G - a scroll of identify
 I - a scroll of noise {unknown}
 K - a scroll of enchant weapon
Potions
 m - 2 potions of flight
 n - 6 potions of curing
 q - a potion of magic
 r - a potion of agility
 u - a potion of ambrosia
 v - 2 potions of lignification
 x - 3 potions of berserk rage
 J - a potion of cancellation {unknown}
 M - a potion of might {unknown}
Comestibles
 c - 4 rations
 O - 6 chunks of flesh


   Skills:
 + Level 5.0 Fighting
 - Level 12.0 Long Blades
 + Level 2.4 Throwing
 - Level 2.4 Armour
 * Level 7.4 Dodging
 + Level 1.3 Stealth


You had 8 spell levels left.
You didn't know any spells.
Your spell library was empty.

Dungeon Overview and Level Annotations

Branches:
Dungeon (9/15)
 Temple: D:4-7         Lair: D:8-11         Orc: D:9-12

Altars:
Ashenzari
Hepliaklqana
Nemelex Xobeh
Okawaru
Ru
Trog
Yredelemnul
Zin
The Shining One

Shops:
D:6 :

Annotations:
D:8 Gastronok


Innate Abilities, Weirdness & Mutations

You reflexively headbutt those who attack you in melee.
You have a pair of horns on your head.
You have a beak for a mouth.
Armour fits poorly on your strangely shaped body.
Your magical capacity is low. (-10% MP)
Your spells are a little easier to cast, but a little less powerful.


Message History

You are more poisoned.
You feel as though you will be slow longer.
The hornet stings you but does no damage.
You miss the hornet. Your peck misses the hornet.
You feel sick. The hornet stings you!
You feel as though you will be slow longer.
Your skin crawls.
You feel resistant to hostile enchantments.
You feel quite a bit more hungry.
You feel sick. The hornet misses you. The hornet stings you.
You are more poisoned.
You feel as though you will be slow longer.
The hornet stings you.
* * * LOW HITPOINT WARNING * * *
You suddenly lose the ability to move!
You feel sick. The hornet stings you!
* * * LOW HITPOINT WARNING * * *
You shrug off the repeated paralysis!
You feel sick. The hornet stings you!
You die...

### ... #.# #.#
#y# ### #@#
#####.# #.#
......##########.#
#####.#..........#
....#.#.##########
###.#.#.#..<#
###.#.#.#...#
....#.#)#...#
#####.#.#...#


You could see a hornet.

Vanquished Creatures
  Pikel (D:8)
  Sigmund (D:5)
  A water moccasin (D:5)
  An orc warrior (D:6)
  2 ice beasts
  A hornet zombie (D:2)
  A phantom (D:5)
  A centaur (D:8)
  3 bullfrogs
  A howler monkey (D:6)
  2 bullfrog zombies (D:5)
  2 crimson imps (D:5)
  A jelly (D:7)
  2 orc priests
  2 centaur skeletons (D:6)
  2 hounds
  6 orc wizards
  A bullfrog skeleton (D:6)
  An iguana (D:8)
  Ijyb (D:5)
  3 worker ants
  A worker ant zombie (D:5)
  7 gnolls
  9 adders
  A shadow imp (D:5)
  11 oozes
  An adder zombie (D:6)
  3 worms
  A dart slug (D:1)
  5 leopard geckos
  25 orcs
  A ball python (D:3)
  7 giant cockroaches
  10 goblins
  2 hobgoblins
  11 jackals
  2 quokkas
  7 bats
  9 frilled lizards
  A jackal skeleton (D:4)
  12 kobolds
  A quokka skeleton (D:6)
  10 rats
173 creatures vanquished.

Vanquished Creatures (others)
  2 slaves (D:8)
  A leopard gecko (D:8)
3 creatures vanquished.

Grand Total: 176 creatures vanquished

Notes
Turn   | Place    | Note
-------+----------+-------------------------------------------
     0 | D:1      | Cydver the Minotaur Berserker began the quest for the Orb.
     0 | D:1      | Reached XP level 1. HP: 19/19 MP: 0/0
     1 | D:1      | Found a runed door.
    44 | D:1      | Reached skill level 4 in Long Blades
    47 | D:1      | Reached XP level 2. HP: 27/27 MP: 1/1
    58 | D:1      | Reached XP level 3. HP: 33/33 MP: 2/2
    64 | D:1      | Reached skill level 5 in Long Blades
    73 | D:1      | Reached ** piety under Trog
   432 | D:1      | Reached XP level 4. HP: 40/40 MP: 3/3
   628 | D:2      | Reached skill level 6 in Long Blades
   628 | D:2      | Reached XP level 5. HP: 25/46 MP: 4/4
  1205 | D:2      | Reached *** piety under Trog
  1323 | D:2      | Gained mutation: Your magical capacity is low. (-10% MP) [potion of mutation]
  1323 | D:2      | Gained mutation: Your spells are a little easier to cast, but a little less powerful. [potion of mutation]
  1323 | D:2      | Gained mutation: Armour fits poorly on your strangely shaped body. [potion of mutation]
  1323 | D:2      | Gained mutation: You have a beak for a mouth. [potion of mutation]
  1538 | D:3      | Reached skill level 7 in Long Blades
  2038 | D:4      | Reached XP level 6. HP: 52/52 MP: 4/4
  2044 | D:4      | Found a shattered altar of Ashenzari.
  3179 | D:1      | Reached **** piety under Trog
  3735 | D:4      | Found a sparkling altar of Nemelex Xobeh.
  3790 | D:4      | Reached skill level 8 in Long Blades
  3799 | D:5      | Entered Level 5 of the Dungeon
  3920 | D:5      | Reached XP level 7. HP: 55/58 MP: 5/5
  4337 | D:5      | Noticed Ijyb
  4345 | D:5      | Killed Ijyb
  4345 | D:5      | Reached skill level 9 in Long Blades
  4410 | D:5      | Reached skill level 10 in Long Blades
  4410 | D:5      | Reached skill level 5 in Dodging
  4667 | D:5      | Noticed Sigmund
  4674 | D:5      | Reached XP level 8. HP: 66/66 MP: 6/6
  4683 | D:5      | Killed Sigmund
  4893 | D:5      | Reached skill level 11 in Long Blades
  5050 | D:6      | Found a sacrificial altar of Ru.
  5564 | D:6      | Found a glowing silver altar of Zin.
  5566 | D:6      | Found a basalt altar of Yredelemnul.
  5831 | D:6      | Reached skill level 12 in Long Blades
  5869 | D:6      | Found Deohed's Book Boutique.
  5871 | D:6      | Found a bloodstained altar of Trog.
  5875 | D:6      | Found a glowing golden altar of the Shining One.
  6390 | D:8      | Noticed Pikel
  6413 | D:8      | Killed Pikel
  6413 | D:8      | Reached skill level 1 in Stealth
  6413 | D:8      | Reached XP level 9. HP: 70/72 MP: 7/7
  6664 | D:9      | Found an iron altar of Okawaru.
  6872 | D:8      | Noticed Gastronok
  6945 | D:8      | Found a hazy altar of Hepliaklqana.
  7092 | D:8      | Reached skill level 5 in Fighting
  7132 | D:8      | Paralysed by a hornet for 3 turns
  7134 | D:8      | Slain by a hornet

Vault maps used:
D:1:      dpeg_arrival_caged_fury, minivault_26
D:4:      lemuel_doored_altar, led_sif_pool, ashenzari_conservatory_becter,
          nicolae_overflow_crystal_walls, minmay_temple_entry_statues_pillars,
          first_ration
D:5:      sigmund_army, uniq_sigmund, uniq_ijyb
D:6:      nicolae_overflow_hidden_temple, lemuel_crystal_altar, serial_shops,
          shop, minivault_23, minmay_misc_feat_rows, lemuel_another_geyser
D:7:      serial_shops, nicolae_shop_overgrown_old_shop, basic_altar,
          uniq_joseph, uniq_menkaure, uniq_duvessa
D:8:      lemuel_round_altar, dpeg_lair_monsters, serial_shops,
          nicolae_shop_temple_entry_statues_fountains, uniq_gastronok,
          uniq_pikel
D:9:      grunt_temple_overflow_champion_of_chaos, serial_shops, shop,
          kennysheep_mini, nicolae_shop_overgrown_old_shop, shop_fountains,
          shop, bh_chokoban, okawaru_trees_1

Skill      XL: |  1  2  3  4  5  6  7  8  9 |
---------------+----------------------------+-----
Long Blades    | 4 5 6 7 8 10 12 | 12.0
Dodging        | 3 4 5 7 |  7.4
Fighting       | 4 5 |  5.0
Throwing       | 2 |  2.4
Stealth        | 1 |  1.3
Armour         | |  2.4

Action                   |  1- 3 |  4- 6 |  7- 9 || total
-------------------------+-------+-------+-------++-------
Melee: Falchion          |    45 |   155 |   174 ||   374
       Headbutt          |    18 |    30 |    45 ||    93
       Peck              |       |    11 |    32 ||    43
Throw: Stone             |       |       |    39 ||    39
Invok: Berserk           |     1 |     1 |     4 ||     6
       Trog's Hand       |       |       |     5 ||     5
  Use: Potion            |     2 |     3 |       ||     5
       Scroll            |     1 |    14 |     7 ||    22
  Eat: Chunk             |       |     8 |     9 ||    17
       Ration            |       |     1 |     2 ||     3
Armor: Animal skin       |     8 |       |       ||     8
       Ring mail         |     2 |    55 |    30 ||    87
       Chain mail        |       |       |    35 ||    35
Dodge: Dodged            |    33 |    96 |    95 ||   224
       Rpst.: Falchion   |    11 |    29 |    22 ||    62

Table legend:
 A = Spawn XP
 B = Non-spawn XP
 C = Spawn XP percentage of total XP
 D = Spawn monster count
 E = Non-spawn monster count
 F = Spawn count percentage of total count
 G = Total turns spent on level
                    A         B        C        D         E        F      G
               +---------+---------+-------+---------+---------+-------+---------
         Total |       0 |    3608 |   0.0 |       0 |     173 |   0.0 |  7134
               +---------+---------+-------+---------+---------+-------+---------
           D:1 |       0 |     129 |   0.0 |       0 |      48 |   0.0 |  1326
           D:2 |       0 |     166 |   0.0 |       0 |      21 |   0.0 |  1146
           D:3 |       0 |      89 |   0.0 |       0 |      20 |   0.0 |  1098
           D:4 |       0 |     245 |   0.0 |       0 |      20 |   0.0 |   229
           D:5 |       0 |    1165 |   0.0 |       0 |      27 |   0.0 |  1232
           D:6 |       0 |     716 |   0.0 |       0 |      24 |   0.0 |  1169
           D:7 |       0 |      53 |   0.0 |       0 |       3 |   0.0 |   111
           D:8 |       0 |    1045 |   0.0 |       0 |      10 |   0.0 |   778
               +---------+---------+-------+---------+---------+-------+---------
